Map: Dusk Towers

Players

Elazer

  • Race: Zerg Zerg
  • League: Grandmaster

Solar - Winner!

  • Race: Zerg Zerg
  • League: Gold

Event: DreamHack ROCCAT LotV Championship

VOD

Have the link to the VOD?

Description

Time

  • Played on: Nov. 26, 2015, 7:17 a.m.
  • Length: 9:36

All games in this series

Show
View Real Time Build Order
Export as new Build Order

Elazer Zerg 

Build Orders: Pool First 

Get SALT Encoding   

  12  0:00  Drone  
  13  0:12  Overlord  
  13  0:17  Drone  
  14  0:30  Drone x2  
  14  0:35  Drone, Extractor  
  16  0:46  Spawning Pool  
  15  0:50  Drone  
  15  0:56  Drone  
  17  1:06  Drone  
  18  1:17  Overlord  
  18  1:33  Zergling x2, Queen  
  18  1:38  Metabolic Boost  
  18  1:39  Zergling x2  
  22  1:49  Zergling x2  
  23  1:54  Hatchery  
  22  2:03  Baneling Nest  
  22  2:04  Zergling x2  
  22  2:11  Zergling x2  
  23  2:23  Zergling x2  
  24  2:32  Zergling x2  
  25  2:39  Queen  
  25  2:41  Overlord  
  25  2:43  Zergling x4  
  29  2:48  Baneling  
  29  2:51  Zergling x2  
  30  2:52  Baneling  
  30  2:53  Baneling  
  30  2:57  Baneling  
  30  3:00  Zergling x2  
  31  3:07  Drone x2  
  31  3:12  Drone  
  33  3:13  Drone  
  33  3:15  Drone  
  33  3:18  Drone  
  36  3:28  Drone  
  36  3:30  Drone  
  36  3:33  Overlord  
  38  3:38  Drone  
  39  3:41  Drone  
  39  3:47  Overlord  
  39  3:48  Drone  
  39  3:49  Drone  
  39  3:51  Drone  
  39  3:54  Drone  
  43  3:56  Drone  
  43  4:00  Drone  
  45  4:03  Drone  
  45  4:09  Drone x2  
  46  4:14  Drone  
  45  4:20  Drone x3  
  48  4:29  Extractor  
  47  4:33  Extractor  
  47  4:35  Evolution Chamber  
  46  4:38  Drone x2  
  46  4:39  Hatchery, Drone  
  46  4:40  Baneling x2  
  46  4:41  Baneling  
  48  4:48  Roach Warren, Drone  
  48  4:49  Extractor  
  48  4:52  Drone x3  
  50  4:55  Overlord  
  50  4:58  Drone  
  50  4:59  Drone  
  52  5:04  Zerg Missile Weapons Level 1  
  52  5:08  Zergling x2  
  52  5:09  Zergling x2  
  52  5:10  Baneling  
  52  5:11  Zergling x2  
  52  5:12  Queen  
  52  5:13  Overlord  
  53  5:31  Zergling x14  
  53  5:33  Baneling x2  
  53  5:34  Baneling  
  59  5:38  Roach  
  59  5:39  Roach x3  
  59  5:41  Baneling x2  
  67  5:43  Roach  
  67  5:58  Roach  
  67  5:59  Roach x2  
  72  6:09  Lair  
  72  6:10  Drone x7  
  79  6:15  Overlord  
  79  6:17  Ravager x2  
  81  6:19  Overlord  
  81  6:34  Spore Crawler  
  81  6:35  Spore Crawler x2  
  81  6:36  Queen x2  
  81  6:37  Spore Crawler  
  81  6:39  Spore Crawler  
  80  6:41  Drone  
  80  6:43  Drone  
  80  6:46  Drone x2  
  84  6:53  Drone x3  
  77  6:55  Drone x3  
  80  7:02  Spore Crawler  
  79  7:09  Overlord x2  
  79  7:12  Pneumatized Carapace  
  77  7:18  Overlord x2  
  77  7:27  Queen x2  
  79  7:32  Nydus Network  
  78  7:37  Drone  
  78  7:38  Drone  
  78  7:39  Drone  
  78  7:42  Overlord  
  78  7:43  Roach  
  78  7:44  Roach x4  
  91  7:48  Overseer  
  91  7:50  Roach x3  
  97  7:52  Overlord x2  
  97  8:02  Roach x4  
  105  8:09  Queen x3  
  111  8:13  Nydus Canal  
  111  8:16  Roach  
  111  8:24  Overlord x2  
  111  8:33  Nydus Canal  
  103  8:35  Overlord x2  
  103  8:40  Overlord x2  
  102  8:45  Roach x6  
  102  8:46  Overlord  
  112  8:53  Ravager  
  112  8:54  Overlord x2  
  113  8:56  Roach x2  
  113  9:02  Ravager  
  118  9:07  Roach  
  118  9:09  Roach  
Show
View Real Time Build Order
Export as new Build Order

Solar Zerg - Winner!

Build Orders: Hatch First, Lurkers 

Get SALT Encoding   

  12  0:00  Drone  
  13  0:12  Overlord  
  13  0:17  Drone  
  14  0:31  Drone x2  
  17  0:35  Drone  
  17  0:52  Hatchery  
  17  0:54  Drone  
  17  0:58  Drone  
  18  1:09  Drone, Extractor  
  18  1:16  Spawning Pool  
  17  1:19  Drone  
  18  1:32  Drone  
  19  1:39  Overlord  
  19  1:58  Drone  
  20  2:02  Zergling x2  
  20  2:03  Queen  
  20  2:04  Queen  
  20  2:05  Drone  
  26  2:10  Baneling Nest  
  26  2:12  Zergling x2  
  26  2:15  Zergling x2  
  27  2:22  Drone  
  28  2:27  Metabolic Boost, Drone  
  29  2:34  Zergling x2  
  32  2:46  Zergling x2  
  32  2:51  Overlord  
  33  2:53  Queen  
  33  2:55  Baneling x2  
  33  2:58  Baneling  
  33  3:01  Drone  
  33  3:02  Drone x2  
  35  3:11  Overlord, Drone  
  35  3:12  Drone  
  37  3:14  Drone  
  37  3:16  Drone x2  
  37  3:18  Baneling  
  40  3:22  Zergling x4  
  42  3:28  Queen  
  42  3:32  Drone  
  42  3:33  Zergling x2  
  46  3:35  Zergling x2  
  46  3:38  Drone  
  48  3:41  Drone  
  48  3:44  Drone  
  48  3:47  Lair  
  50  3:51  Extractor x2  
  50  3:53  Drone  
  49  3:56  Drone  
  49  4:01  Drone  
  51  4:04  Overlord, Drone  
  51  4:05  Drone  
  52  4:10  Overlord  
  52  4:17  Overlord  
  52  4:20  Extractor  
  52  4:24  Drone  
  51  4:26  Drone  
  51  4:28  Drone  
  53  4:36  Drone  
  54  4:39  Drone  
  54  4:40  Drone x2  
  54  4:41  Drone x2  
  54  4:42  Drone x2  
  61  4:48  Spire  
  61  4:49  Drone  
  60  4:58  Zergling x2  
  61  5:00  Zergling x2  
  61  5:04  Hatchery  
  61  5:08  Zergling x2  
  62  5:15  Zergling x14  
  62  5:19  Overlord  
  65  5:33  Baneling  
  65  5:34  Zergling x2  
  65  5:35  Baneling, Zergling x2  
  67  5:36  Overlord  
  59  6:01  Mutalisk  
  59  6:02  Mutalisk x6  
  70  6:06  Mutalisk  
  70  6:09  Spine Crawler  
  70  6:10  Mutalisk  
  73  6:16  Zergling x4  
  75  6:23  Zergling x2  
  75  6:27  Zergling x4  
  75  6:28  Baneling x2  
  77  6:34  Overlord  
  77  6:37  Zergling x12  
  83  6:42  Drone x2  
  83  6:45  Drone  
  86  6:48  Drone  
  86  6:52  Drone  
  87  6:56  Drone  
  87  6:59  Overlord  
  87  7:00  Extractor  
  87  7:01  Evolution Chamber  
  87  7:03  Drone x2  
  87  7:05  Drone x4  
  87  7:06  Hydralisk Den  
  87  7:08  Drone x3  
  94  7:09  Drone  
  94  7:11  Roach Warren, Overlord  
  94  7:14  Drone  
  95  7:18  Extractor  
  95  7:21  Drone  
  95  7:26  Drone x2  
  97  7:31  Drone  
  97  7:34  Drone  
  97  7:37  Hydralisk  
  97  7:38  Hydralisk x5  
  109  7:46  Overlord, Lurker Den  
  109  7:48  Drone x4  
  109  7:50  Glial Reconstitution  
  113  7:51  Roach  
  113  7:52  Overseer  
  113  7:55  Overlord  
  115  7:59  Hydralisk  
  115  8:02  Overlord  
  117  8:09  Roach x2  
  117  8:11  Overlord  
  121  8:15  Roach x3  
  129  8:20  Roach x7  
  129  8:24  Baneling x4  
  129  8:25  Overlord  
  139  8:27  Overlord  
  139  8:28  Overlord  
  137  8:34  Overlord  
  137  8:42  Roach x2  
  137  8:45  Overlord  
  141  8:53  Roach x9  
  159  8:59  Roach x2  
  163  9:10  Overlord  
  163  9:12  Lurker x7  

Tags
 
Add a new tag
Caveats
  • Supply blocks, unpowered buildings, or Contaminate may cause inaccurate times.
  • Supply counts are checked every 10 seconds.